Unix NetHack Version 5.0.0-0 post-release - last build May 23 2026 06:08:33 (1c0ff79ee797540d5714e4e18072db0edd9e58ae,branch:main).

Game began 2026-05-25 04:17:28, ended 2026-05-25 06:06:07.

AuraMoom, chaotic female orcish Barbarian

                                             ----------        --------
                       ------------          |........|        |......|
                       |..!.....id-#         |........|        |......|
                       |........:@|##        |.........#    ----......|
                       |..........| ##       ----%-----#    |......----
                       |..........|  #        ####     #    |......|
                       ----.-------  #        #        #####.......|
                                     #      ###             --------
                             ######  #      #
                                  ############    #####           -----
                                     #----.-------    #####       |..<|
                                     #...........|     ---.- #####....|
                                      |......^...-#    |....##    |...|
                                      |..........|##[##....|      |...|
                                      |..........|     |...|      -----
                                      |..........|     |>..|
                                      ------------     -----

AuraMoom the Pillager      St:17 Dx:15 Co:18 In:9 Wi:8 Ch:8  Chaotic
Dlvl:4  $:38 HP:0(30) Pw:6(6) AC:7  Xp:3 T:1831 

Latest messages:
 You swap places with Idefix.
 There is an open door here.  You see here a kobold corpse.
 Idefix misses the sewer rat.
 You kill the sewer rat!
 Really save? [yn] (n) y
 Saving...
 Restoring save file...
 Hello AuraMoom, the orcish Barbarian, welcome back to NetHack!
 In what direction? 4
 Ouch!  That hurts!
 You swap places with Idefix.
 You are beginning to feel hungry.
 What do you want to eat? [d-fquvB or ?*] ?
 This cream pie is delicious!
 You are carrying too much to get through.
 You are carrying too much to get through.
 You find a hidden passage.
 You find a hidden door.
 The door opens.
 You begin bashing monsters with your ring of fire resistance.
 You miss the acid blob.
 What do you want to wield? [- abkm or ?*] ?
 a - a corroded +0 battle-axe (weapon in hands).
 What do you want to put on? [n or ?*] n
 Which ring-finger, Right or Left? [rl] r
 n - an uncursed ring of fire resistance (on right hand).
 You kill the acid blob!
 You are splashed by the acid blob's acid!
 Your battle-axe corrodes further!
 $ - 9 gold pieces (38 in total).
 The manes hits!
 The manes hits again!
 The manes bites!
 You miss the manes.
 The gecko bites!
 You miss the manes.
 The gecko bites!
 The manes hits!
 The manes hits again!
 The manes misses!
 The gecko bites!
 The manes hits!
 The manes hits again!
 The manes bites!
 You die...
 Do you want your possessions identified? [ynq] (y) y
 Do you want to see your attributes? [ynq] (y) n
 Do you want an account of creatures vanquished? [ynaq] (y) y
 Do you want to see your conduct and achievements? [ynq] (y) n
 Do you want to see the dungeon overview? [ynq] (y) n

Inventory:
 Coins    ('$')
  $ - 38 gold pieces
 Weapons  (')')
  m - 7 +0 arrows
  k - a cursed +0 orcish spear
  a - a very corroded +0 battle-axe (weapon in hands)
  b - a +0 orcish short sword (alternate weapon; not wielded)
 Armor    ('[')
  w - an uncursed +0 pair of gauntlets of dexterity (being worn)
  c - an uncursed +0 orcish ring mail (being worn)
 Comestibles  ('%')
  d - an uncursed food ration
  v - a cursed fortune cookie
  B - 2 uncursed lembas wafers
  q - an uncursed pear
  e - an uncursed tripe ration
  u - 2 cursed eggs
 Scrolls  ('?')
  x - an uncursed scroll of confuse monster
  o - an uncursed scroll of enchant armor
 Potions  ('!')
  s - 5 uncursed potions of healing
  y - a blessed potion of monster detection
  r - a cursed potion of object detection named Base150
 Rings    ('=')
  n - an uncursed ring of fire resistance (on right hand)
 Wands    ('/')
  A - a wand of fire (0:4)
 Tools    ('(')
  p - an uncursed leash
  j - an uncursed lock pick
  l - a cursed stethoscope
 Gems/Stones  ('*')
  C - an uncursed worthless piece of orange glass
  g - an uncursed worthless piece of yellow glass

AuraMoom the Barbarian's attributes:

Background:
 You were a Pillager, a level 3 female orcish Barbarian.
 You were chaotic, nominally on a mission for Set
 who was opposed by Mitra (lawful) and Crom (neutral).
 You were right-handed.
 You were in the Dungeons of Doom, on level 4.
 You entered the dungeon 1831 turns ago.
 You had 53 experience points, 27 more were needed to attain level 4.

Basics:
 You had 0 out of 30 hit points.
 You had all 6 energy points (spell power).
 Your armor class was 7.
 Your wallet contained 38 zorkmids.
 Autopickup was on for all types, with exceptions.

Final Characteristics:
 Your strength was 17 (limit:18/50).
 Your dexterity was 15 (limit:18).
 Your constitution was 18 (limit:18).
 Your intelligence was 9 (limit:16).
 Your wisdom was 8 (limit:16).
 Your charisma was 8 (limit:16).

Final Status:
 You weren't hungry.
 You were unencumbered.
 You were wielding an axe.
 You had basic skill with axe.

Final Attributes:
 You were devoutly aligned.
 You were fire resistant.
 Your items were protected from fire.
 You were poison resistant.
 You had infravision.
 You were warded.
 You are dead.

Miscellaneous:
 You didn't encounter any bones levels.
 Total elapsed playing time was 28 minutes and 8 seconds.

Major events:
 Turn
    1: AuraMoom the chaotic female orcish Barbarian entered the dungeon
 1352: attained the rank of Pillager (level 3)
 1831: killed by a manes

You didn't know any spells.

Skills:
 Fighting Skills
   bare handed combat [Basic]
   two weapon combat  [Unskilled]
   riding             [Unskilled]
 Weapon Skills
   dagger             [Unskilled]
   axe                [Basic]
   pick-axe           [Unskilled]
   short sword        [Basic]
   broadsword         [Unskilled]
   long sword         [Unskilled]
   two-handed sword   [Unskilled]
   saber              [Unskilled]
   club               [Unskilled]
   mace               [Unskilled]
   morning star       [Unskilled]
   flail              [Unskilled]
   hammer             [Unskilled]
   quarterstaff       [Unskilled]
   spear              [Unskilled]
   trident            [Unskilled]
   bow                [Unskilled]
 Spellcasting Skills
   attack spells      [Unskilled]
   escape spells      [Unskilled]

Voluntary challenges:
 Character rerolling was not enabled.
 You were an atheist.
 You never genocided any monsters.
 You never polymorphed an object.
 You never changed form.
 You used no wishes.
Achievements:
 You entered a shop.
 You attained the rank of Pillager.

 The Dungeons of Doom: levels 1 to 4
    Level 1:
    Level 2:
       A potion shop, a grave.
    Level 3:
       A scroll shop, a grave.
    Level 4: <- You were here.
       Final resting place for
          you, killed by a manes.


Vanquished creatures:
  a homunculus
  a giant bat
  4 acid blobs
  a coyote
  a yellow mold
  a gecko
  5 jackals
  a kobold
  a sewer rat
  5 lichens
  2 kobold zombies
  6 newts
29 creatures vanquished.

No species were genocided or became extinct.

Game over:
                       ----------
                      /          \
                     /    REST    \
                    /      IN      \
                   /     PEACE      \
                  /                  \
                  |     AuraMoom     |
                  |      38 Au       |
                  |   killed by a    |
                  |      manes       |
                  |                  |
                  |                  |
                  |       2026       |
                 *|     *  *  *      | *
        _________)/\\_//(\/(/\)/\//\/|_)_______

Goodbye AuraMoom the Barbarian...

You died in The Dungeons of Doom on dungeon level 4 with 417 points,
and 38 pieces of gold, after 1831 moves.
You were level 3 with a maximum of 30 hit points when you died.

